 Dungeon Crawl Stone Soup version 0.16.1-14-g82efdee (webtiles) character file.

14 KarvaRausku the Digger (level 2, -1/15 HPs)
             Began as a Gargoyle Earth Elementalist on Apr 12, 2015.
             Slain by an adder (3 damage)
             ... on level 2 of the Dungeon.
             The game lasted 00:02:42 (609 turns).

KarvaRausku the Digger (Gargoyle Earth Elementalist) Turns: 609, Time: 00:02:42

Health: -1/15      AC:  2    Str: 11    XL:     2   Next: 45%
Magic:  2/4        EV: 11    Int: 15    God:
Gold:   55         SH:  0    Dex: 10    Spells: 1 memorised, 4 levels left

rFire  . . .     SeeInvis .     f - +0 short sword
rCold  . . .     Clarity  .     k - +0 leather armour
rNeg   + . .     SustAb   .     (no shield)
rPois  ∞         Gourm    .     (no helmet)
rElec  +         Spirit   .     (no cloak)
rCorr  .         Warding  .     (no gloves)
rMut   .         Rnd*Tele +     (no boots)
MR     .....                    (no amulet)
Stlth  ++........               p - ring of teleportation (curse)
                                n - -3 ring of protection (curse)

@: very slightly contaminated, not resistant to hostile enchantments, unstealthy
A: negative energy resistance 1, electricity resistance, unbreathing,
petrification resistance, rot immunity, AC +2
a: Evoke Teleportation


You were on level 2 of the Dungeon.
You were not hungry.

You visited 1 branch of the dungeon, and saw 2 of its levels.

You collected 55 gold pieces.

Inventory:

Hand weapons
 f - a +0 short sword (weapon)
Missiles
 b - 63 stones (quivered)
Armour
 c - a +0 robe
 k - a +0 leather armour (worn)
Jewellery
 n - a cursed -3 ring of protection (left hand)
 p - a cursed ring of teleportation (right hand)
Magical devices
 w - a wand of teleportation (5)
Scrolls
 e - 2 scrolls of identify {unknown}
 i - 2 scrolls of random uselessness {unknown}
 j - a scroll of magic mapping {unknown}
 l - a scroll of fear {unknown}
 r - 2 scrolls of fog {unknown}
 u - 2 scrolls of teleportation {unknown}
 v - a scroll of recharging {unknown}
Potions
 g - a potion of flight {unknown}
 h - a potion of haste {unknown}
 m - a potion of might {unknown}
 t - a potion of brilliance {unknown}
Books
 d - a book of Geomancy

   Spells                             Type                      Level
   a - Sandblast                      Earth                        1
   b - Stoneskin                      Transmutation/Earth          2
   c - Passwall                       Transmutation/Earth          3
   d - Stone Arrow                    Conjuration/Earth            3
   e - Petrify                        Transmutation/Earth          4
   f - Lee's Rapid Deconstruction     Earth                        5
Comestibles
 a - a bread ration
 o - a royal jelly
 q - 2 meat rations
 s - a chunk of flesh


   Skills:
 + Level 0.2 Fighting
 - Level 0.2 Armour
 - Level 1.9 Dodging
 - Level 2.2 Stealth
 - Level 2.1 Spellcasting
   Level 0.7 Transmutations
 - Level 3.9 Earth Magic


You had 4 spell levels left.
You knew the following spells:

 Your Spells              Type           Power        Failure   Level  Hunger
a - Sandblast             Erth           ##....       6%          1    #......


Dungeon Overview and Level Annotations

Branches:
Dungeon (2/15)

Altars:


Innate Abilities, Weirdness & Mutations

You are resistant to torment.
You are immune to poison.
Your stone body is very resilient (AC +2).
You resist negative energy.
You are resistant to electric shocks.
You can survive without breathing.
You are immune to petrification.
You are immune to rotting.


Message History

You don't know that spell.
Casting: Sandblast
Confirm with . or Enter, or press ? or * to list all spells.
Aiming: Sandblast
Press: ? - help, Shift-Dir - straight line, f - adder
Aim: an adder (moderately wounded)
You miscast Sandblast.
You are very lightly contaminated with residual magic.
Nothing appears to happen.
The jackal barely misses you. The adder closely misses you.
Casting: Sandblast
Confirm with . or Enter, or press ? or * to list all spells.
Aiming: Sandblast
Press: ? - help, Shift-Dir - straight line, f/p - adder
Aim: an adder (moderately wounded)
The blast of sand hits the adder.
The adder is moderately wounded.
The jackal bites you but does no damage.
The adder bites you.
You die...

. ##### #.# #...# #.# .
###...# # ###.##.#
.##...###.. ?....#.# #
..........## ........
.............###...#.#
..........##...Sh....#
.##...###.######@.#
..................#
.##...#.###.#####'##
.###...[# .# ##...## .#
####.###.###.....##
.######....###.......##
..........###.........#
............+[........+
######....###.........#


You could see an adder and a jackal.

Vanquished Creatures
  A ball python (D:2)
  5 bats
  A giant cockroach (D:1)
  A hobgoblin (D:1)
  2 giant newts (D:1)
  A goblin (D:1)
  A kobold (D:1)
  3 rats
15 creatures vanquished.

Notes
Turn   | Place    | Note
--------------------------------------------------------------
     0 | D:1      | KarvaRausku, the Gargoyle Earth Elementalist, began the quest for the Orb.
     0 | D:1      | Reached XP level 1. HP: 10/10 MP: 3/3
   293 | D:1      | Reached XP level 2. HP: 10/15 MP: 4/4
   609 | D:2      | Slain by an adder

Action                   || total
-------------------------++-------
Melee: Short sword       ||    37
       Unarmed           ||    11
Throw: Stone             ||     9
 Cast: Sandblast         ||     5
 Stab: Sleeping          ||     2
